 Dungeon Crawl Stone Soup version 0.31-a0-726-g3c93526463 (webtiles) character file.

Game seed: 12857522117491862756

440 Ijustatesigmund the Magician (level 6, -9/36 HPs)
             Began as a Deep Elf Fire Elementalist on Sept 11, 2023.
             Killed from afar by a steam dragon (20 damage)
             ... with a ball of steam
             ... on level 3 of the Dungeon.
             The game lasted 00:09:20 (3295 turns).

Ijustatesigmund the Magician (DEFE)                 Turns: 3295, Time: 00:09:21

Health: -9/36      AC:  3    Str: 11    XL:     6   Next: 70%
Magic:  1/16       EV: 12    Int: 22    God:
Gold:   84         SH:  0    Dex: 15    Spells: 8/15 levels left

rFire   . . .        n - +1 sling (freeze)
rCold   . . .        (no shield)
rNeg    . . .        a - +0 robe
rPois   .            (no helmet)
rElec   .            (no cloak)
rCorr   .            (no gloves)
SInv    .            h - +0 pair of boots
Will    .....        (no amulet)
Stlth   ++           j - +6 ring of strength
HPRegen 0.26/turn    (no ring)
MPRegen 0.15/turn

%: no passive effects
@: no status effects
A: no striking features
a: no special abilities


You were on level 3 of the Dungeon.
You visited 1 branch of the dungeon, and saw 3 of its levels.
You also visited: Sewer.

You collected 84 gold pieces.

Inventory:

Hand Weapons
 e - a +0 short sword of electrocution
 n - a +1 sling of freezing (weapon)
Armour
 a - a +0 robe (worn)
 h - a +0 pair of boots (worn)
Jewellery
 j - a +6 ring of strength (left hand)
Wands
 l - a wand of flame (46)
Scrolls
 c - a scroll of teleportation
Potions
 b - a potion of heal wounds
 d - a potion of haste
 f - 3 potions of ambrosia
 g - a potion of attraction
 i - 2 potions of curing
 k - a potion of might {unknown}
 m - a potion of berserk rage {unknown}
 o - 2 potions of enlightenment


   Skills:
 - Level 2.3 Fighting
 + Level 1.4 Ranged Weapons
 - Level 2.4 Dodging
 - Level 2.4 Stealth
 + Level 5.4 Spellcasting
 + Level 3.8 Conjurations
 + Level 5.0 Fire Magic


You had 8 spell levels left.
You knew the following spells:

 Your Spells              Type           Power      Damage    Failure   Level
a - Foxfire               Conj/Fire      100%       2x1d9     1%          1
b - Scorch                Fire           56%        2d7       1%          2
c - Flame Wave            Conj/Fire      25%        2d8       16%         4

Your spell library contained the following spells:

 Spells                   Type           Power      Damage    Failure   Level
 Momentum Strike          Conj/Tloc      28%        3d8       7%          2
 Apportation              Tloc           10%        N/A       10%         1
 Inner Flame              Hex/Fire       17%        N/A       11%         3
 Volatile Blastmotes      Fire/Tloc      34%        2d12      11%         3
 Blink                    Tloc           10%        N/A       14%         2
 Jinxbite                 Hex            10%        N/A       14%         2
 Lesser Beckoning         Tloc           10%        N/A       14%         2
 Alistair's Intoxication  Tmut/Pois      3%         N/A       95%         5


Dungeon Overview and Level Annotations

Branches:
Dungeon (3/15)              Sewer (visited)

Altars:


Message History

The worm is severely wounded.
The worm is no longer more vulnerable to fire.
The worm barely misses you.
Fire: n) +1 sling (freeze)
Press: ? - help, Q - select action, (/) - cycle Shift-Dir - straight line, f/p - worm
Aim: a worm (heavily wounded, 77% to hit)
You shoot a sling bullet. The sling bullet hits the worm.
The sling bullet freezes the worm.
The worm is almost dead.
Fire: n) +1 sling (freeze)
Press: ? - help, Q - select action, (/) - cycle Shift-Dir - straight line, f/p - worm
Aim: a worm (almost dead, 77% to hit)
You shoot a sling bullet. The sling bullet hits the worm!
The sling bullet freezes the worm.
You kill the worm!
The steam dragon breathes steam at you. The ball of steam misses you.
Casting: Flame Wave (quite dangerous; 16% risk of failure)
Confirm with . or Enter, or press ? or * to list all spells.
Flames lash the steam dragon.
The steam dragon is almost dead.
The steam dragon's fire resistance burns away.
The steam dragon bites you but does no damage.
The steam dragon claws you but does no damage.
The steam dragon bites you but does no damage.
The steam dragon claws you.
Your magical contamination has completely faded away.
Casting: Scorch (safe; 1% risk of failure)
Confirm with . or Enter, or press ? or * to list all spells.
Flames lash the steam dragon.
The steam dragon is burned terribly!
The steam dragon is almost dead.
The steam dragon bites you!
* * * LOW HITPOINT WARNING * * *
The steam dragon misses you. The steam dragon breathes steam at you.
The ball of steam misses you. The steam dragon breathes steam at you.
The ball of steam hits you!!
Ouch! That really hurt!
You die...

*,,,,,,,*,* *,*####.###..#
*,*****,,** *,* *,,...##.##
*>* *,,* *<###,**#.##..# *,*
***,,* *,,...* #.....#
#.##*,,,,#####***#.###.###.#
#...,,,,,.....#* #.....##.##
#..#*,**,###...#####.#.#.##
#..##.##.....#..........##
#..##.##...#..<#@#####.##
#..##.##$..##.##ยง#####.#
#..##.##.......D.....).#
...##.###..##.##.#######
##......#..*#.*#.#
##......#..,..,..#
##............####
###<....#.#..#*
.............*


You could see a steam dragon (catching breath, combustible).

Vanquished Creatures
  Sigmund (D:2)
  A kobold brigand (Sewer)
  Natasha (thrice) (D:2)
  Terence (D:2)
  2 river rats
  2 adders (D:2)
  A worm (D:3)
  3 dart slugs
  4 orcs (D:3)
  3 ball pythons
  2 endoplasms
  4 giant cockroaches
  8 goblins
  4 hobgoblins
  6 jackals
  9 kobolds
  4 quokkas
  5 bats
  2 frilled lizards (D:2)
  4 rats
69 creatures vanquished.

Vanquished Creatures (others)
  94 foxfires
94 creatures vanquished.

Grand Total: 163 creatures vanquished

Notes
Turn   | Place    | Note
-------+----------+-------------------------------------------
     0 | D:1      | Ijustatesigmund the Deep Elf Fire Elementalist began the
                  | quest for the Orb.
     0 | D:1      | Reached XP level 1. HP: 10/10 MP: 6/6
   258 | D:1      | Reached XP level 2. HP: 15/16 MP: 4/8
   261 | D:1      | Learned a level 2 spell: Scorch
   450 | D:1      | Found a faded altar of an unknown god.
  1050 | D:2      | Reached skill level 1 in Fighting
  1050 | D:2      | Reached XP level 3. HP: 20/20 MP: 6/10
  1813 | D:2      | Noticed Natasha
  1821 | D:2      | Killed Natasha
  1822 | D:2      | Reached XP level 4. HP: 19/25 MP: 5/11
  2055 | D:2      | Noticed Sigmund
  2099 | D:2      | Learned a level 4 spell: Flame Wave
  2161 | D:2      | Noticed Natasha
  2165 | D:2      | Killed Natasha
  2284 | D:2      | Noticed Terence
  2289 | D:2      | Killed Terence
  2290 | D:2      | Reached XP level 5. HP: 23/30 MP: 6/13
  2496 | D:2      | Noticed Natasha
  2501 | D:2      | Killed Natasha
  2541 | D:2      | Killed Sigmund
  2542 | D:2      | Reached skill level 5 in Spellcasting
  2542 | D:2      | Reached XP level 6. HP: 24/36 MP: 8/15
  2729 | D:3      | Found a glowing drain.
  2735 | Sewer    | Entered a sewer
  2822 | Sewer    | Reached skill level 1 in Ranged Weapons
  2822 | Sewer    | Reached skill level 5 in Fire Magic
  2994 | Sewer    | Found a white marble altar of Elyvilon.
  3276 | D:3      | Noticed a steam dragon
  3295 | D:3      | Killed from afar by a steam dragon

Illustrated notes

Levels and vault maps discovered:
D:1:      wander_arrival_peaceful_grave, layout_loops_ring,
          basic_ecumenical_altar, minmay_fountain_box, columned_hall_lemuel
D:2:      cheibrodos_helix_gallery, layout_loops_ring,
          kennysheep_generic_room_10, uniq_sigmund, uniq_terence, uniq_natasha
D:3:      layout_loops_ring, gup_sewer_entry_bubbles, due_unseen_surprise,
          uniq_jessica

Skill      XL: |  1  2  3  4  5  6 |
---------------+-------------------+-----
Fighting       | 1 2 |  2.3
Conjurations   | 2 3 |  3.8
Fire Magic     | 4 5 |  5.0
Spellcasting   | 4 5 |  5.4
Ranged Weapons | 1 |  1.4
Dodging        | |  2.4
Stealth        | |  2.4

Action                     |  1- 3 |  4- 6 || total
---------------------------+-------+-------++-------
   Fire: Sling             |       |    36 ||    36
   Cast: Foxfire           |    42 |    22 ||    64
         Scorch            |    18 |    16 ||    34
         Flame Wave        |       |     4 ||     4
  Evoke: Wand              |       |     2 ||     2
    Use: Scroll            |     6 |     4 ||    10
         Potion            |       |     2 ||     2
 Armour: Robe              |     6 |    27 ||    33
  Dodge: Dodged            |    10 |    17 ||    27

Table legend: (Time is in decaauts)
 A = Elapsed time spent in this place.
 B = Non-inter-level travel time spent in this place.
 C = Inter-level travel time spent in this place.
 D = Time resting spent in this place.
 E = Time spent auto-exploring this place.
 F = Levels seen in this place.
 G = Mean time per level.
                   A        B        C        D        E       F      G
               +--------+--------+--------+--------+--------+-----+--------+
         Total |   3361 |   3240 |    121 |    606 |   2044 |   4 |  840.2 |
       Dungeon |   3028 |   2907 |    121 |    456 |   1937 |   3 | 1009.3 |
         Sewer |    332 |    332 |      0 |    150 |    107 |   1 |  332.0 |
               +--------+--------+--------+--------+--------+-----+--------+

Top non-repeatable levels by time:
     D:2: 1626 daAuts
     D:1: 997 daAuts
     D:3: 404 daAuts
   Sewer: 332 daAuts
